cohdb
Replays
Latest Replays
All Replays
Popular Replays
Top Player Replays
Match Explorer
How It Works
Community
CoH3 Stats
Reddit
Sign in to upload your games and track your stats! →
Sign in with Steam
Match 42695080
Unlisted
Match 42695080
Overview
Messages
Build Orders
End
Royal Engineer Section
Construct Section Command Post
Selects Heavy Armor Battlegroup
Dingo Light Scout Car
Infantry Section
Infantry Section
Selects Light Vehicle Withdraw and Refit
Infantry Section
Construct Platoon Command Post
Light Vehicle Withdraw and Refit
Humber Armored Car
Humber Armored Car
Infantry Section
Selects UNKNOWN (202330)
Selects Rigorous Vehicle Training
Construct Company Command Post
Light Vehicle Withdraw and Refit
Crusader AA Medium Tank
Foot Guards Section
Selects Recon Artillery
Recon Artillery
Crusader AA Medium Tank
Recon Artillery
Crusader II Medium Tank
Grenade Package
Unlock M3 Grant Medium Tanks
M3 Grant Medium Tank
Selects Forward Repair Assembly
Recon Artillery
M3 Grant Medium Tank
Armored Vehicle Training
*Mule
FeriG
HulkSMASH
⚓️Ruby⚓
0
0
Comments
sign in to comment!
No comments posted yet!